 Dungeon Crawl Stone Soup version 0.31-a0-656-gb4d89c20fa (webtiles) character file.

Game seed: 300248173287216800

1537 AtlasWard the Fighter (level 8, 0/136 HPs)
             Began as an Ogre Berserker on Aug 30, 2023.
             Was a Priest of Trog.
             Slain by Menkaure (20 damage)
             ... on level 6 of the Dungeon.
             The game lasted 00:13:41 (5423 turns).

AtlasWard the Fighter (Ogre Berserker)              Turns: 5423, Time: 00:13:42

Health: 0/136      AC:  8    Str: 24    XL:     8   Next: 86%
Magic:  8/8        EV: 10    Int:  8    God:    Trog [***...]
Gold:   203        SH:  5    Dex:  8    Spells: 7/7 levels left

rFire   . . .        a - +0 whip (elec)
rCold   . . .        (no shield)
rNeg    . . .        v - +0 animal skin
rPois   .            (helmet restricted)
rElec   .            y - +0 cloak
rCorr   .            (gloves unavailable)
SInv    .            (boots unavailable)
Will    .....        z - amulet of reflection Stlth
                     p - +4 ring of protection
HPRegen 0.42/turn    (no ring)
MPRegen 0.11/turn

%: reflection
@: berserking (expiring), studying Ranged Weapons, very quick
A: large, unfitting armour, tough skin 1
a: Renounce Religion, Berserk, Trog's Hand


You were on level 6 of the Dungeon.
You worshipped Trog.
Trog was most pleased with you.
You visited 1 branch of the dungeon, and saw 6 of its levels.

You collected 342 gold pieces.
You spent 139 gold pieces at shops.

Inventory:

Hand Weapons
 a - a +0 whip of electrocution (weapon)
 b - a +2 dire flail of protection
Missiles
 r - 28 poisoned darts (quivered)
Armour
 v - a +0 animal skin (worn)
 w - a +0 leather armour
 y - a +0 cloak (worn)
Jewellery
 p - a +4 ring of protection (left hand)
 z - an amulet of reflection (around neck)
 A - the ring of Mewopp {rN+ Str+2 SInv}
   (You found it on level 5 of the Dungeon)

   [ring of positive energy]

   Str+2:     It affects your strength (+2).
   rN+:       It protects you from negative energy.
   SInv:      It lets you see invisible.
Wands
 t - a wand of flame (35)
Scrolls
 d - 4 scrolls of teleportation
 e - a scroll of enchant weapon {unknown}
 f - a scroll of enchant armour {unknown}
 j - a scroll of fear {unknown}
 l - 12 scrolls of identify {unknown}
 s - a scroll of noise {unknown}
 u - 2 scrolls of poison {unknown}
 B - a scroll of blinking {unknown}
Potions
 c - 2 potions of degeneration {unknown}
 g - 3 potions of magic {unknown}
 h - 3 potions of brilliance {unknown}
 i - a potion of heal wounds
 k - 2 potions of enlightenment {unknown}
 m - 3 potions of haste {unknown}
 n - a potion of curing
 o - a potion of berserk rage {unknown}
 q - a potion of resistance {unknown}
 x - 2 potions of attraction {unknown}


   Skills:
 + Level 8.8 Fighting
 * Level 8.2 Maces & Flails
 - Level 4.0 Dodging


You had 7 spell levels left.
You didn't know any spells.
Your spell library was empty.

Dungeon Overview and Level Annotations

Branches:
Dungeon (6/15)             Temple (0/1) D:5

Altars:
Elyvilon
Gozag

Shops:
D:1 *(   D:2 !   D:4 *

Annotations:
D:1 1 transporter
D:3 3 runed translucent doors, 6666870's ghost, weakling DsBe
D:6 Menkaure


Innate Abilities, Weirdness & Mutations

You are too large for most types of armour.
You have tough skin. (AC +1)


Message History

You hit the kobold.
The kobold is severely wounded.
You whack the kobold!
You kill the kobold!
Trog accepts your kill.
No target in view!
No target in view!
No target in view!
HP restored.
r - 26 poisoned darts (gained 9)
Things that are here:
a +0 club; a +0 club; a kobold corpse
r - 28 poisoned darts (gained 2)
Things that are here:
a +0 whip; a kobold corpse
Found a white marble altar of Elyvilon.
Menkaure shouts!
Menkaure calls on the powers of darkness!
Your body is wracked with pain!
Menkaure is nearby!
Menkaure casts a spell.
Menkaure seems to speed up.
A red film seems to cover your vision as you go berserk!
You feel yourself moving faster!
You feel mighty!
Menkaure calls on the powers of darkness!
Your body is wracked with pain!
* * * LOW HITPOINT WARNING * * *
The scorpion convulses!
You feel a strong urge to attack something.
Menkaure hits you but does no damage.
You barely miss Menkaure.
Menkaure calls on the powers of darkness!
Your body is wracked with pain!
* * * LOW HITPOINT WARNING * * *
The scorpion convulses!
You barely miss Menkaure. You whack Menkaure!
Menkaure is moderately damaged.
Menkaure hits you!!
You die...

## #....# # ♣♣♣ .## #...s# ####♣♣
♣♣♣.♣♣♣ ♣..# #.M.<# .....♣♣
♣♣.....♣♣ ♣.............
......♣♣♣.......♣♣♣.......#$###..
.≈~≈...♣...≈~≈...♣...≈~≈..(. #.
≈≈~≈≈.....≈≈~≈≈.....≈≈~≈≈.. #
~~♣~~.....~~_~~.....s~♣~~..
≈≈~≈≈.....≈≈~≈≈.@M..≈≈~≈≈.
.≈~≈...♣...≈~≈...♣...≈~≈..
....[.♣♣♣.......♣♣ ..... .....♣♣
♣♣.....♣♣ .... ####♣♣ ♣♣♣.♣♣♣ ###
♣♣♣


You could see Menkaure (fast) and a scorpion.

Vanquished Creatures
  Pikel (D:4)
  Edmund (D:4)
  2 centaurs (D:4)
  2 lemures (D:3)
  A kobold brigand (D:6)
  5 scorpions
  A gnoll sergeant (D:4)
  A howler monkey (D:5)
  A hound (D:5)
  An orc priest (D:5)
  Crazy Yiuf (D:4)
  2 iguanas
  Natasha (thrice) (D:3)
  An orc wizard (D:3)
  3 gnolls (D:4)
  A shadow imp (D:5)
  2 white imps (D:5)
  An ufetubus (D:5)
  3 worms
  3 dart slugs
  10 orcs
  10 endoplasms
  2 giant cockroaches
  5 goblins
  5 hobgoblins
  7 jackals (D:3)
  A quokka (D:1)
  11 ball pythons
  4 bats
  3 frilled lizards (D:1)
  9 kobolds
  5 rats
108 creatures vanquished.

Notes
Turn   | Place    | Note
-------+----------+-------------------------------------------
     0 | D:1      | AtlasWard the Ogre Berserker began the quest for the Orb.
     0 | D:1      | Reached XP level 1. HP: 24/24 MP: 1/1
    63 | D:1      | Reached XP level 2. HP: 32/32 MP: 2/2
   128 | D:1      | Found Mimuduw's General Store.
   535 | D:1      | Found Vaclysch's Weapon Boutique.
   680 | D:1      | Reached XP level 3. HP: 40/40 MP: 3/3
   881 | D:1      | Bought a potion of heal wounds for 60 gold pieces
  1359 | D:2      | Reached ** piety under Trog
  1421 | D:2      | Found Tagguq's Distillery.
  1429 | D:2      | Bought a potion of curing for 39 gold pieces
  1848 | D:3      | Noticed Natasha
  2019 | D:3      | Found a runed translucent gate.
  2019 | D:3      | Found a runed translucent gate.
  2019 | D:3      | Found a runed translucent gate.
  2020 | D:3      | Found an opulent altar of Gozag.
  2031 | D:3      | Killed Natasha
  2032 | D:3      | Reached XP level 4. HP: 43/49 MP: 4/4
  2054 | D:3      | Noticed 6666870's ghost (weakling DsBe)
  2054 | D:3      | Noticed an ogre
  2197 | D:3      | Reached XP level 5. HP: 37/55 MP: 5/5
  2275 | D:3      | Reached skill level 5 in Fighting
  2387 | D:3      | Noticed Natasha
  2402 | D:3      | Killed Natasha
  2655 | D:3      | Noticed Natasha
  2662 | D:3      | Killed Natasha
  2914 | D:4      | Noticed Edmund
  2972 | D:4      | Noticed a lemure
  2997 | D:3      | Killed a lemure
  3140 | D:4      | Noticed a lemure
  3140 | D:4      | Noticed a lemure
  3141 | D:4      | Noticed Pikel
  3166 | D:3      | Killed a lemure
  3230 | D:4      | Noticed a lemure
  3237 | D:3      | Reached XP level 6. HP: 66/66 MP: 6/6
  3284 | D:4      | Killed Edmund
  3285 | D:4      | Reached skill level 5 in Maces & Flails
  3473 | D:4      | Killed Pikel
  3474 | D:4      | Reached XP level 7. HP: 78/78 MP: 7/7
  3575 | D:4      | Found Wuplij's Assorted Antiques.
  3583 | D:4      | Bought a leather armour for 40 gold pieces
  3596 | D:4      | Reached XP level 8. HP: 77/87 MP: 8/8
  3857 | D:4      | Reached *** piety under Trog
  4270 | D:4      | Found a runed translucent door.
  4271 | D:4      | Noticed Crazy Yiuf
  4278 | D:4      | Killed Crazy Yiuf
  4354 | D:5      | Entered Level 5 of the Dungeon
  4726 | D:5      | Found a staircase to the Ecumenical Temple.
  4783 | D:5      | Identified the ring of Mewopp {rN+ Str+2 SInv}
  5154 | D:6      | Noticed Menkaure
  5408 | D:6      | Found a white marble altar of Elyvilon.
  5423 | D:6      | Slain by Menkaure

Illustrated notes

Levels and vault maps discovered:
D:1:      spicycebolla_arrival_risky_transporter, layout_basic, serial_shops,
          shop, shop
D:2:      layout_loops_ring, serial_shops, nicolae_shop_tiny_statue_garden,
          grunt_ministairs_14
D:3:      layout_loops_ring, ebering_ghost_gozag, uniq_natasha
D:4:      layout_loops_cross, serial_shops, shop, minmay_manual_mares,
          uniq_crazy_yiuf_cottage, uniq_pikel, uniq_edmund
D:5:      layout_gridville, minmay_temple_entry_offerings
D:6:      layout_rooms, elyvilon_altar_3, uniq_menkaure, uniq_eustachio,
          uniq_grinder

Skill      XL: |  1  2  3  4  5  6  7  8 |
---------------+-------------------------+-----
Maces & Flails | 3 4 6 8 |  8.2
Dodging        | 3 4 |  4.0
Fighting       | 5 7 8 |  8.8

Action                     |  1- 3 |  4- 6 |  7- 9 || total
---------------------------+-------+-------+-------++-------
  Melee: Mace              |   127 |   139 |       ||   266
         Dire flail        |       |     5 |       ||     5
         Whip              |       |       |   154 ||   154
         Punch             |       |       |     6 ||     6
 Invoke: Berserk           |       |     6 |     2 ||     8
    Use: Scroll            |     1 |       |       ||     1
   Stab: Sleeping          |     1 |       |       ||     1
 Armour: Animal skin       |    36 |    43 |    49 ||   128
  Dodge: Dodged            |    71 |    69 |    61 ||   201
  Block: Other             |       |       |     5 ||     5

Table legend: (Time is in decaauts)
 A = Elapsed time spent in this place.
 B = Non-inter-level travel time spent in this place.
 C = Inter-level travel time spent in this place.
 D = Time resting spent in this place.
 E = Time spent auto-exploring this place.
 F = Levels seen in this place.
 G = Mean time per level.
                   A        B        C        D        E       F      G
               +--------+--------+--------+--------+--------+-----+--------+
         Total |   5516 |   5073 |    443 |    108 |   3983 |   6 |  919.3 |
       Dungeon |   5516 |   5073 |    443 |    108 |   3983 |   6 |  919.3 |
               +--------+--------+--------+--------+--------+-----+--------+

Top non-repeatable levels by time:
     D:3: 1429 daAuts
     D:4: 1205 daAuts
     D:5: 941 daAuts
     D:1: 922 daAuts
     D:2: 917 daAuts
     D:6: 99 daAuts
